 Dungeon Crawl Stone Soup version 0.19-a0-231-gae044c8 (webtiles) character file.

130 oplop the Sneak (level 5, 0/24 HPs)
             Began as a Vine Stalker Enchanter on May 25, 2016.
             Slain by an orc
             ... wielding a +0 mace
              (1 damage)
             ... on level 3 of the Dungeon.
             The game lasted 00:02:40 (1698 turns).

oplop the Sneak (Vine Stalker Enchanter)            Turns: 1698, Time: 00:02:41

Health: 0/24       AC:  4    Str: 11    XL:     5   Next: 14%
Magic:  0/10       EV: 12    Int: 15    God:
Gold:   185        SH:  0    Dex: 15    Spells: 3 memorised, 4 levels left

rFire  . . .     SeeInvis .     a - +1 dagger
rCold  . . .     Gourm    .     b - +1 robe
rNeg   . . .     Faith    .     (no shield)
rPois  .         Spirit   +     (no helmet)
rElec  .         Dismiss  .     e - +0 cloak
rCorr  .         Reflect  .     (no gloves)
SustAt .         Harm     .     (no boots)
MR     .....                    (no amulet)
Stlth  +++.......               (no ring)
                                (no ring)

@: not resistant to hostile enchantments, fairly stealthy
A: fangs 2, regeneration 1, magic shield, antimagic bite, no device heal 3, rot
immunity
a: no special abilities


You were on level 3 of the Dungeon.
You were not hungry.

You visited 1 branch of the dungeon, and saw 3 of its levels.

You collected 185 gold pieces.

Inventory:

Hand Weapons
 a - a +1 dagger (weapon)
Armour
 b - a +1 robe (worn)
 e - a +0 cloak (worn)
Scrolls
 g - 5 scrolls of identify {unknown}
 i - a scroll of enchant armour {unknown}
 l - a scroll of remove curse {unknown}
Potions
 f - a potion of brilliance {unknown}
 h - a potion of cure mutation {unknown}
 m - 2 potions of might {unknown}
Books
 c - a book of Maledictions

   Spells                             Type                      Level
   a - Corona                         Hexes                        1
   b - Ensorcelled Hibernation        Hexes/Ice                    2
   c - Confuse                        Hexes                        3
   d - Tukima's Dance                 Hexes                        3
   e - Dazzling Spray                 Conjuration/Hexes            3
Comestibles
 d - 4 bread rations
 j - a slice of pizza
 k - 2 fruits


   Skills:
 - Level 0.8 Short Blades
 - Level 1.5 Dodging
 + Level 5.1 Stealth
 + Level 3.1 Spellcasting
 + Level 4.3 Hexes


You had 4 spell levels left.
You knew the following spells:

 Your Spells              Type           Power        Failure   Level  Hunger
a - Corona                Hex            ###....      3%          1    #......
b - Ensorcelled Hibernat  Hex/Ice        #.....       14%         2    ##.....
c - Confuse               Hex            ###.....     12%         3    ###....


Dungeon Overview and Level Annotations

Branches:
Dungeon (3/15)

Altars:
Gozag


Innate Abilities, Weirdness & Mutations

You have extremely sharp teeth.
Your natural rate of healing is unusually fast.
When hurt, damage is shared between your health and your magic reserves.
Your bite disrupts and absorbs the magic of your enemies.
Potions and wands cannot restore your health.
You are immune to rotting.


Message History

The orc barely misses you. The orc hits you with a flail.
You hit the orc priest but do no damage.
You bite the orc priest. You drain its power.
You feel invigorated.
The orc priest is heavily wounded.
The orc priest closely misses you.
The orc hits you from afar with a trident.
The orc hits you but does no damage.
You hit the orc priest but do no damage.
Your bite misses the orc priest.
The orc priest is heavily wounded.
The orc hits you with a flail.
* * * LOW HITPOINT WARNING * * *
The orc priest closely misses you.
The orc hits you from afar with a trident.
* * * LOW HITPOINT WARNING * * *
You hit the orc priest. You bite the orc priest. You drain its power.
You feel invigorated.
The orc priest is almost dead.
The orc hits you with a mace.
You die...

##...## #.# ##....$##
####(# ##.......##
##.##.##
#.........####...#†.#
+.........+......)#.#
#.........####...##.#
#...o...# ##.###.##
#.oo..# #......(
##o@.## #.###.## ##'##
#.###.## #.# #.....##
#.# #..##### ##.##
#..# # ##...##
#..#####
#.....#######.......
##.............#####
##.#####.#.###########


You could see an orc priest and 3 orcs.

Vanquished Creatures
  An orc priest (D:3)
  4 adders (D:2)
  2 oozes (D:3)
  2 worms (D:2)
  3 dart slugs
  2 giant geckos
  5 orcs (D:3)
  2 giant cockroaches
  3 goblins
  A hobgoblin (D:2)
  2 jackals (D:2)
  A quokka (D:2)
  3 bats
  5 giant newts
  6 kobolds
  A rat (D:1)
43 creatures vanquished.

Notes
Turn   | Place    | Note
--------------------------------------------------------------
     0 | D:1      | oplop the Vine Stalker Enchanter began the quest for the Orb.
     0 | D:1      | Reached XP level 1. HP: 9/9 MP: 4/4
   199 | D:1      | Reached skill level 4 in Stealth
   199 | D:1      | Reached XP level 2. HP: 9/13 MP: 4/6
   644 | D:2      | Found a faded altar to an unknown god.
   665 | D:2      | Reached XP level 3. HP: 14/16 MP: 5/7
   954 | D:2      | Found an opulent altar of Gozag.
  1297 | D:2      | Reached XP level 4. HP: 10/21 MP: 3/9
  1577 | D:3      | Learned a level 2 spell: Ensorcelled Hibernation
  1581 | D:3      | Learned a level 3 spell: Confuse
  1621 | D:3      | Reached skill level 5 in Stealth
  1629 | D:3      | Reached XP level 5. HP: 10/24 MP: 8/10
  1697 | D:3      | HP: 1/24 [orc/trident (3)]
  1698 | D:3      | Slain by an orc

Vault maps used:
D:1:      eino_arrival_water_cross, minivault_11
D:2:      overflow_temple_1_default, ecumenical_altar_2, serial_glass,
          glass_columns_a, glass_columns_b
D:3:      cheibriados_altar_1

Skill      XL: |  1  2  3  4 |
---------------+-------------+-----
Stealth        | 4 5 |  5.1
Hexes          | 4 |  4.3
Spellcasting   | 3 |  3.1
Short Blades   | |  0.8
Dodging        | |  1.5

Action                   |  1- 3 |  4- 6 || total
-------------------------+-------+-------++-------
Melee: Dagger            |   112 |    43 ||   155
       Bite              |    22 |    15 ||    37
 Cast: Ensorcelled Hiber |       |     5 ||     5
 Stab: Sleeping          |     6 |     6 ||    12
       Distracted        |     1 |       ||     1
  Eat: Fruit             |       |     3 ||     3
Armor: Robe              |    32 |    10 ||    42
Dodge: Dodged            |    78 |    30 ||   108
